 Dungeon Sprint DCSS version 0.31-a0-1-g4198be8af4 (webtiles) character file.

Game seed: 1604493487393211758

6178 sircluck the Eviscerator (level 10, -14/54 HPs)
             Began as a Felid Berserker on May 2, 2023.
             Was the Champion of Trog.
             Demolished by Aizul (15 damage)
             ... in the Dungeon (Sprint IX: "|||||||||||||||||||||||||||||").
             The game lasted 00:07:59 (3433 turns).

sircluck the Eviscerator (Felid Berserker)          Turns: 3433, Time: 00:08:00

Health: -14/54     AC:  2    Str: 19    XL:     10   Next: 60%
Magic:  11/11      EV: 34    Int: 10    God:    Trog [******]
Gold:   1667       SH:  0    Dex: 19    Spells: 9/9 levels left
                                        Lives:  0   Deaths: 3

rFire   . .          .
                       - Unarmed
rCold   . . .        (shield unavailable)
rNeg    . . .        (body armour unavailable)
rPois   .            (helmet unavailable)
rElec   .            (cloak unavailable)
rCorr   .            (gloves unavailable)
SInv    +            (boots unavailable)
Will    +....        (no amulet)
Stlth   +++++        i - +3 ring of strength
HPRegen 0.29/turn    j - +3 ring of strength
MPRegen 0.12/turn

%: no teleportation
@: lethally poisoned (-14 -> -23), quick
A: very small, claws 1, fangs 3, see invisible, speed 1, shaggy fur 2, stealthy
paws, no weapons or thrown items, no armour, multi-lived
a: Renounce Religion, Berserk, Trog's Hand, Brothers in Arms


You were in the Dungeon.
You worshipped Trog.
Trog was exalted by your worship.
You visited 1 branch You collected 1916 gold pieces.
You spent 249 gold pieces at shops.

Inventory:

Jewellery
 i - a +3 ring of strength (left paw)
 j - a +3 ring of strength (right paw)
 n - the ring "Xibiph" {rPois rF+ rC++}
   (You bought it in a shop in the Dungeon)

   [ring of poison resistance]

   rF:        It protects you from fire.
   rC:        It greatly protects you from cold.
   rPois:     It protects you from poison.
 p - a ring of fire
Wands
 h - a wand of light (17)
Scrolls
 l - 2 scrolls of identify
 m - 6 scrolls of fog
Potions
 a - 8 potions of curing
 b - 6 potions of heal wounds
 c - a potion of haste
 d - 4 potions of magic
 e - 2 potions of berserk rage
 g - a potion of invisibility
 k - a potion of might
 q - a potion of resistance


   Skills:
 + Level 12.7 Fighting
 + Level 19.8 Dodging
 + Level 12.8 Stealth
 + Level 24.8 Unarmed Combat
 + Level 0.9 Evocations


You had 9 spell levels left.
You didn't know any spells.
Your spell library was empty.

Dungeon Overview and Level Annotations

Branches:
Dungeon (1/1)

Altars:
Cheibriados
Dithmenos
Elyvilon
Fedhas
Gozag
Hepliaklqana
Kikubaaqudgha
Makhleb
Nemelex Xobeh
Okawaru
Qazlal
Ru
Sif Muna
Trog
Uskayaw
Vehumet
Wu Jian
Xom
Yredelemnul
Zin
The Shining One
Jiyva
Lugonu

Shops:
D [(*[

Annotations:
D Aizul


Innate Abilities, Weirdness & Mutations

You have sharp claws.
You have razor-sharp teeth.
You have supernaturally acute eyesight. (SInv)
You cover ground quickly. (Speed+)
You are covered in thick fur. (AC +2)
Your paws help you pounce on unaware monsters.
You are incapable of wielding weapons or throwing items.
You cannot wear armour.
You gain extra lives every three experience levels.


Message History

You see here a +1 tower shield.
You see here a +1 tower shield.
You see here +0 storm dragon scales.
Things that are here:
a +0 whip; a +0 robe
Things that are here:
a +1 scimitar of flaming; a +0 scimitar of flaming
There is an open door to the Dungeon, spattered with blood here.
Things that are here:
a +0 long sword; a +0 robe
Things that are here:
a +0 trident; a +0 robe
Things that are here:
a +0 troll leather armour; a deep troll corpse
There is an open door here.
You see here the felid corpse of sircluck.
You miss Aizul.
Aizul shouts!
Your claw misses Aizul. You bite Aizul.
Aizul is lightly wounded.
Aizul coils herself and waves her upper body at you.
The poison arrow hits you!!
You are poisoned.
Ouch! That really hurt!
You feel better. Aizul casts a spell at you. The bolt of poison hits you!!
You are poisoned.
Ouch! That really hurt!
* * * LOW HITPOINT WARNING * * *
Read: scroll of fear
Press: ? - help, Q - select action, (/) - cycle Dir - look around, f - activate Look: Aizul (lightly wounded, chance to affect: 29%)
As you read the scroll of fear, it crumbles to dust.
You assume a fearsome visage.
Aizul resists with almost no effort.
* * * LOW HITPOINT WARNING * * *
You feel very sick. Aizul hits you!
You die...

▓▓▓▓▓▓▓▓▓▓▓▓♣♣♣♣♣♣♣♣♣♣▓▓
......S@................
▓▓▓▓▓▓▓▓▓▓▓▓▓▓▓▓▓▓▓▓▓▓▓▓▓▓▓▓▓▓▓▓▓
...).'=.==.)))))))).[[[[[[[[.....
▓▓▓▓▓▓▓▓▓▓▓▓▓▓▓▓▓▓▓▓▓▓▓▓▓▓▓▓▓▓▓▓▓
.......................).).......
▓▓▓▓▓▓▓▓▓▓▓▓▓▓▓▓▓▓▓▓▓▓▓▓▓▓▓▓▓▓▓▓▓
)........()))))))).)...))........
▓▓▓▓▓▓▓▓▓▓▓▓▓▓▓▓▓▓▓▓▓▓▓▓▓▓▓▓▓▓▓▓▓
..)..)........).......)......(...


You could see Aizul.

Vanquished Creatures
  A sphinx (D)
  A stone giant (D)
  An ettin (D)
  A fire dragon (D)
  3 rakshasas (D)
  Harold (D)
  A death knight (D)
  A two-headed ogre (D)
  3 orc high priests (D)
  A deep troll shaman (D)
  Sonja (D)
  5 orc knights (D)
  3 orc sorcerers (D)
  An ugly thing (D)
  Psyche (D)
  A komodo dragon (D)
  2 efreet (D)
  2 polar bears (D)
  2 tyrant leeches (D)
  A troll (D)
  2 blink frogs (D)
  A yak (D)
  A vampire mosquito (D)
  2 basilisks (D)
  Eustachio (D)
  A steam dragon (D)
  A water moccasin (D)
  7 orc warriors (D)
  A centaur (D)
  3 wolves (D)
  A kobold brigand (D)
  2 bullfrogs (D)
  A hound (D)
  2 orc priests (D)
  A sleepcap (D)
  3 orc wizards (D)
  2 adders (D)
  A dart slug (D)
  8 orcs (D)
  A goblin (D)
  A hobgoblin (D)
  A kobold (D)
  A rat (D)
78 creatures vanquished.

Vanquished Creatures (collateral kills)
  A centaur warrior (D)
  A death knight (D)
  An ugly thing (D)
  2 black mambas (D)
  A cane toad (D)
  A kobold demonologist (D)
  2 komodo dragons (D)
  A dream sheep (D)
  2 blink frogs (D)
  A yak (D)
  A vampire mosquito (D)
  An orc warrior (D)
  A wolf (D)
  A bullfrog (D)
  3 orc priests (D)
  2 orc wizards (D)
  A worm (shapeshifter) (D)
  4 orcs (D)
27 creatures vanquished.

Grand Total: 105 creatures vanquished

Notes
Turn   | Place    | Note
-------+----------+-------------------------------------------
     0 | D        | sircluck the Felid Berserker began the quest for the Orb.
     0 | D        | Reached XP level 1. HP: 10/10 MP: 2/2
    12 | D        | Reached ** piety under Trog
    21 | D        | Noticed a hound
    21 | D        | Noticed an orc priest
    21 | D        | Noticed a sleepcap
    27 | D        | Reached skill level 5 in Dodging
    27 | D        | Reached skill level 4 in Unarmed Combat
    27 | D        | Reached XP level 2. HP: 15/15 MP: 3/3
    31 | D        | Reached *** piety under Trog
    34 | D        | Reached skill level 5 in Fighting
    34 | D        | Reached skill level 5 in Unarmed Combat
    34 | D        | Reached XP level 3. HP: 19/19 MP: 4/4
    38 | D        | Reached skill level 6 in Unarmed Combat
    38 | D        | Reached XP level 4. HP: 23/23 MP: 5/5
    48 | D        | Found a snail-covered altar of Cheibriados.
    48 | D        | Found a shadowy altar of Dithmenos.
    48 | D        | Found a white marble altar of Elyvilon.
    48 | D        | Found a blossoming altar of Fedhas.
    48 | D        | Found an opulent altar of Gozag.
    49 | D        | Found a hazy altar of Hepliaklqana.
    50 | D        | Found a viscous altar of Jiyva.
    51 | D        | Found an ancient bone altar of Kikubaaqudgha.
    52 | D        | Found a corrupted altar of Lugonu.
    53 | D        | Found a burning altar of Makhleb.
    54 | D        | Found a sparkling altar of Nemelex Xobeh.
    55 | D        | Found an iron altar of Okawaru.
    56 | D        | Found a stormy altar of Qazlal.
    57 | D        | Found a sacrificial altar of Ru.
    58 | D        | Found a shimmering blue altar of Sif Muna.
    59 | D        | Found a bloodstained altar of Trog.
    60 | D        | Found a hide-covered altar of Uskayaw.
    61 | D        | Found a radiant altar of Vehumet.
    62 | D        | Found an ornate altar of the Wu Jian Council.
    63 | D        | Found a shimmering altar of Xom.
    64 | D        | Found a basalt altar of Yredelemnul.
    65 | D        | Found a glowing silver altar of Zin.
    66 | D        | Found a glowing golden altar of the Shining One.
    92 | D        | Noticed a two-headed ogre
    92 | D        | Noticed a troll
    92 | D        | Noticed an orc warrior
    92 | D        | Noticed a kobold brigand
    92 | D        | Noticed a centaur
    92 | D        | Noticed a steam dragon
   101 | D        | Killed a two-headed ogre
   102 | D        | Reached skill level 11 in Unarmed Combat
   102 | D        | Reached XP level 5. HP: 30/30 MP: 6/6
   102 | D        | Gained mutation: You are covered in thick fur. (AC +2)
                  | [Felid growth]
   102 | D        | Reached XP level 6. HP: 34/34 MP: 7/7
   102 | D        | Reached XP level 7. HP: 37/37 MP: 8/8
   105 | D        | Killed a troll
   105 | D        | Reached **** piety under Trog
   111 | D        | Reached skill level 12 in Unarmed Combat
   118 | D        | Reached XP level 8. HP: 33/43 MP: 9/9
   128 | D        | Reached ***** piety under Trog
   174 | D        | Noticed a centaur warrior
   174 | D        | Noticed a brown ugly thing
   174 | D        | Noticed a hornet
   174 | D        | Noticed a kobold demonologist
   180 | D        | Killed a centaur warrior
   181 | D        | Reached skill level 10 in Fighting
   181 | D        | Reached skill level 13 in Unarmed Combat
   182 | D        | Reached skill level 14 in Unarmed Combat
   184 | D        | Killed a brown ugly thing
   185 | D        | Reached XP level 9. HP: 32/48 MP: 10/10
   190 | D        | Noticed an ice devil
   196 | D        | Killed a kobold demonologist
   197 | D        | Reached skill level 15 in Dodging
   197 | D        | Reached skill level 15 in Unarmed Combat
   240 | D        | Noticed Psyche
   249 | D        | Killed Psyche
   356 | D        | Noticed a komodo dragon
   359 | D        | Noticed a polar bear
   365 | D        | Noticed a polar bear
   367 | D        | Killed a komodo dragon
   375 | D        | Reached skill level 16 in Unarmed Combat
   596 | D        | Killed a polar bear
   605 | D        | Killed a polar bear
   606 | D        | Reached skill level 5 in Stealth
   606 | D        | Reached XP level 10. HP: 46/53 MP: 11/11
   632 | D        | Reached ****** piety under Trog
   656 | D        | Noticed a black mamba
   662 | D        | Reached skill level 17 in Unarmed Combat
   664 | D        | Killed a black mamba
   670 | D        | Noticed a black mamba
   675 | D        | Killed a black mamba
   676 | D        | Reached skill level 18 in Unarmed Combat
   691 | D        | Noticed a cane toad
   698 | D        | Slain by a tyrant leech
   699 | D        | Reached XP level 9. HP: -5/49 MP: 10/10
   759 | D        | Killed a cane toad
   817 | D        | Killed a tyrant leech
   818 | D        | Reached XP level 10. HP: 53/53 MP: 11/11
   890 | D        | Reached skill level 19 in Unarmed Combat
  1028 | D        | Noticed Harold
  1040 | D        | Killed Harold
  1118 | D        | Noticed Eustachio
  1125 | D        | Killed Eustachio
  1163 | D        | Noticed a stone giant
  1177 | D        | Killed a stone giant
  1178 | D        | Reached skill level 20 in Unarmed Combat
  1201 | D        | Noticed an orc knight
  1363 | D        | Killed an orc knight
  1445 | D        | Noticed an orc high priest
  1457 | D        | Killed an orc high priest
  1462 | D        | Reached XP level 11. HP: 46/57 MP: 12/12
  1528 | D        | Found Umucaph's Armour Emporium.
  1528 | D        | Noticed an orc knight
  1528 | D        | Noticed an orc sorcerer
  1528 | D        | Noticed an orc high priest
  1533 | D        | Noticed an orc sorcerer
  1536 | D        | Killed an orc knight
  1537 | D        | Reached skill level 21 in Unarmed Combat
  1537 | D        | Found Juemmaq's Antique Weapon Shoppe.
  1539 | D        | Noticed an orc high priest
  1540 | D        | Killed an orc sorcerer
  1541 | D        | Found Ygenk's Assorted Antiques.
  1545 | D        | Killed an orc high priest
  1553 | D        | Killed an orc sorcerer
  1554 | D        | Found Elazodos's Armour Shoppe.
  1554 | D        | Noticed an orc knight
  1557 | D        | Killed an orc high priest
  1559 | D        | Noticed an orc knight
  1564 | D        | Noticed an orc sorcerer
  1844 | D        | Killed an orc knight
  1937 | D        | Killed an orc knight
  1938 | D        | Reached skill level 22 in Unarmed Combat
  1939 | D        | Killed an orc sorcerer
  1987 | D        | Bought a fine brass ring for 140 gold pieces
  1987 | D        | Identified the ring "Xibiph" {rPois rF+ rC++} (You bought
                  | it in a shop in the Dungeon)
  1987 | D        | Bought a scroll of identify for 56 gold pieces
  1987 | D        | Bought an amethyst potion for 25 gold pieces
  1991 | D        | Bought a scroll labelled UMUAZX MERIHAPP for 28 gold pieces
  2041 | D        | Noticed Sonja
  2048 | D        | Killed Sonja
  2049 | D        | Reached skill level 10 in Stealth
  2138 | D        | Noticed a death knight
  2138 | D        | Noticed an orc knight
  2138 | D        | Noticed a red ugly thing
  2153 | D        | Noticed a death knight
  2164 | D        | Noticed a rakshasa
  2667 | D        | Killed a death knight
  2718 | D        | Killed an orc knight
  2719 | D        | Reached skill level 23 in Unarmed Combat
  2742 | D        | Killed a red ugly thing
  2763 | D        | Demolished by a death knight
  2764 | D        | Reached XP level 10. HP: -17/54 MP: 11/11
  2824 | D        | Killed a death knight
  2833 | D        | Noticed an ettin
  2849 | D        | Killed a rakshasa
  2850 | D        | Reached XP level 11. HP: 57/57 MP: 12/12
  2896 | D        | Killed an ettin
  2919 | D        | Noticed a rakshasa
  2925 | D        | Noticed a rakshasa
  2945 | D        | Killed a rakshasa
  2946 | D        | Reached skill level 24 in Unarmed Combat
  2950 | D        | Killed a rakshasa
  2955 | D        | Noticed a sphinx
  2956 | D        | Noticed a deep troll shaman
  2957 | D        | Noticed a fire dragon
  3187 | D        | Killed a sphinx
  3209 | D        | Killed a deep troll shaman
  3218 | D        | Killed a fire dragon
  3248 | D        | Noticed Aizul
  3263 | D        | Mangled by Aizul
  3264 | D        | Reached XP level 10. HP: -8/54 MP: 11/11
  3433 | D        | HP: 1/54 [poisoned by Aizul (bolt of poison)]
  3433 | D        | Demolished by Aizul

Illustrated notes

Levels and vault maps discovered:
D:        linesprint [early_d, line_temple, items_1, d_10, items_2, lair_1,
          lair_end, items_3, orc_1, orc_end, items_4, d_15, swamp_1, shoals_1,
          snake_1, spider_1, d_20, vaults_1, items_5, swamp_end, shoals_end,
          snake_end, spider_end, vaults_end, d_27, items_6, zot_1, zot_end,
          crypt_end, forest_end, elf_end, slime_end, tomb_end, abyss_end,
          pan_hell_end]

Skill      XL: |  1  2  3  4  5  6  7  8  9 10 11 |
---------------+----------------------------------+-----
Fighting       | 4 5 8 9 11 12 | 12.7
Dodging        | 5 6 7 11 12 14 16 18 19 | 19.8
Unarmed Combat | 4 5 6 11 12 14 16 20 24 | 24.8
Stealth        | 2 4 5 8 12 | 12.8
Evocations     | |  0.9

Action                     |  1- 3 |  4- 6 |  7- 9 | 10-12 || total
---------------------------+-------+-------+-------+-------++-------
  Melee: Unarmed           |    26 |    12 |    69 |   218 ||   325
         Bite              |     2 |     5 |     8 |    24 ||    39
         Punch             |     1 |       |     4 |    27 ||    32
 Invoke: Berserk           |     1 |     1 |     2 |     4 ||     8
         Brothers in Arms  |       |       |     3 |     5 ||     8
  Evoke: Wand              |       |       |     1 |       ||     1
    Use: Potion            |       |       |     1 |     3 ||     4
         Scroll            |       |       |       |     4 ||     4
   Stab: Sleeping          |       |       |       |     3 ||     3
         Distracted        |       |       |       |     1 ||     1
 Armour: Skin              |     2 |       |     3 |     2 ||     7
  Dodge: Dodged            |    11 |     9 |    72 |   140 ||   232

Table legend: (Time is in decaauts)
 A = Elapsed time spent in this place.
 B = Non-inter-level travel time spent in this place.
 C = Inter-level travel time spent in this place.
 D = Time resting spent in this place.
 E = Time spent auto-exploring this place.
 F = Levels seen in this place.
 G = Mean time per level.
                   A        B        C        D        E       F      G
               +--------+--------+--------+--------+--------+-----+--------+
         Total |   2862 |   2043 |    819 |    245 |    375 |   1 | 2862.0 |
       Dungeon |   2862 |   2043 |    819 |    245 |    375 |   1 | 2862.0 |
               +--------+--------+--------+--------+--------+-----+--------+

Top non-repeatable levels by time:
       D: 2862 daAuts
